 Dungeon Crawl Stone Soup version 0.20-a0-16-g0876c8e (webtiles) character file.

323 kae the Carver (level 6, -4/39 HPs)
             Began as a High Elf Gladiator on Nov 4, 2016.
             Slain by an iguana (8 damage)
             ... on level 3 of the Dungeon.
             The game lasted 00:03:50 (3434 turns).

kae the Carver (High Elf Gladiator)                 Turns: 3434, Time: 00:03:51

Health: -4/39      AC:  4    Str: 14    XL:     6   Next: 23%
Magic:  16/16      EV: 13    Int: 12    God:
Gold:   195        SH:  0    Dex: 18    Spells: 0 memorised, 5 levels left

rFire  . . .     SeeInvis .     a - +1 long sword
rCold  . . .     Gourm    .     b - +0 leather armour
rNeg   . . .     Faith    .     (no shield)
rPois  .         Spirit   .     c - +0 helmet
rElec  .         Reflect  .     (no cloak)
rCorr  +         Harm     +     (no gloves)
MR     .....                    (no boots)
Stlth  +.........               l - amulet of harm
                                w - ring of magical power
                                m - ring of resist corrosion

@: no status effects
A: no striking features
a: no special abilities


You were on level 3 of the Dungeon.
You were not hungry.

You visited 1 branch of the dungeon, and saw 4 of its levels.

You collected 195 gold pieces.

Inventory:

Hand Weapons
 a - a +1 long sword (weapon)
Missiles
 d - 3 throwing nets (quivered)
Armour
 b - a +0 leather armour (worn)
 c - a +0 helmet (worn)
Jewellery
 h - an uncursed amulet of rage
 l - an amulet of harm (around neck)
 m - a ring of resist corrosion (left hand)
 v - an uncursed ring of wizardry
 w - a ring of magical power (right hand)
 A - an uncursed amulet of faith {unknown}
Wands
 y - a wand of digging (20/24)
 B - a wand of lightning (6/15)
Scrolls
 q - a scroll of noise
 u - 2 scrolls of identify
Potions
 j - 5 potions of brilliance
 n - a potion of curing {unknown}
 p - a potion of lignification {unknown}
 s - 2 potions of haste {unknown}
Comestibles
 f - 3 bread rations
 g - a royal jelly
 i - 4 fruits
 k - a beef jerky
 z - a meat ration


   Skills:
 - Level 2.0 Fighting
 + Level 8.5 Long Blades
 - Level 2.0 Throwing
 - Level 3.2 Dodging


You had 5 spell levels left.
You didn't know any spells.

Dungeon Overview and Level Annotations

Branches:
Dungeon (4/15)
 Temple: D:4-7

Altars:
Elyvilon
Hepliaklqana
Okawaru
Zin


Message History

The iguana is lightly wounded.
The iguana bites you.
You hit the iguana but do no damage.
The iguana is lightly wounded.
The iguana misses you.
You hit the iguana but do no damage.
The iguana is lightly wounded.
The iguana barely misses you.
You riposte.
You barely miss the iguana.
The iguana is lightly wounded.
You hit the iguana.
The iguana is lightly wounded.
The iguana bites you!
* * * LOW HITPOINT WARNING * * *
You hit the iguana.
The iguana is lightly wounded.
The iguana barely misses you.
You hit the iguana.
The iguana is moderately wounded.
The iguana bites you!
You die...

'.........'.......#
#.........####...##
##.......## ##..#
##.....## ##.#
##...## #.# ##+##
#.# #####.# #.#
...##.# #.#
......#### #@#
##.......# #l#
##.......# #.#
##.....#.# #.#
....#.##.#######.#
###.#............#
#.#.##)#########
#.#.##.# ###......#


You could see an iguana.

Vanquished Creatures
  A centaur (D:3)
  A scorpion (D:4)
  An orc priest (D:3)
  A hound (D:3)
  Ijyb (D:3)
  3 adders
  2 oozes
  A dart slug (D:3)
  2 leopard geckos
  6 orcs (D:3)
  2 giant cockroaches (D:3)
  10 goblins
  8 hobgoblins
  7 jackals
  3 quokkas
  A ball python (D:2)
  7 bats
  3 frilled lizards
  8 kobolds
  7 rats
75 creatures vanquished.

Notes
Turn   | Place    | Note
-------+----------+-------------------------------------------
     0 | D:1      | kae the High Elf Gladiator began the quest for the Orb.
     0 | D:1      | Reached XP level 1. HP: 14/14 MP: 2/2
   149 | D:1      | Reached skill level 4 in Long Blades
   349 | D:1      | Reached XP level 2. HP: 16/19 MP: 3/3
  1243 | D:2      | Reached skill level 5 in Long Blades
  1243 | D:2      | Reached XP level 3. HP: 21/24 MP: 4/4
  1594 | D:2      | Found a hazy altar of Hepliaklqana.
  1597 | D:2      | Found a glowing silver altar of Zin.
  1600 | D:2      | Found a white marble altar of Elyvilon.
  1641 | D:2      | Found an iron altar of Okawaru.
  2495 | D:3      | Reached XP level 4. HP: 27/29 MP: 5/5
  2538 | D:3      | Reached skill level 6 in Long Blades
  2560 | D:3      | Noticed Ijyb
  2569 | D:3      | Killed Ijyb
  2782 | D:3      | Noticed a centaur
  2789 | D:3      | Killed a centaur
  2789 | D:3      | Reached skill level 7 in Long Blades
  2789 | D:3      | Reached XP level 5. HP: 33/34 MP: 6/6
  3259 | D:3      | Reached skill level 8 in Long Blades
  3396 | D:4      | Reached XP level 6. HP: 38/39 MP: 7/7
  3434 | D:3      | Slain by an iguana

Vault maps used:
D:1:      dpeg_arrival_morbid_curiosity, serial_forest,
          infiniplex_forest_clump_small, infiniplex_forest_clump_diagonal,
          infiniplex_forest_straight_1, infiniplex_forest_clump_tiny,
          infiniplex_forest_lined_room_3, infiniplex_forest_end_1,
          infiniplex_forest_straight_2, infiniplex_forest_clump_curved
D:2:      old_standard_altar, grunt_temple_overflow_diamond,
          minmay_misc_feat_ornament, st_stairs_9, minmay_misc_feat_nine_boxes
D:3:      uniq_iyjb
D:4:      minmay_misc_feat_doors

Skill      XL: |  1  2  3  4  5 |
---------------+----------------+-----
Long Blades    | 4 5 7 8 |  8.5
Fighting       | |  2.0
Throwing       | |  2.0
Dodging        | |  3.2

Action                   |  1- 3 |  4- 6 || total
-------------------------+-------+-------++-------
Melee: Long sword        |   120 |    99 ||   219
  Use: Scroll            |     3 |     4 ||     7
       Potion            |       |     2 ||     2
  Eat: Chunk             |     5 |     3 ||     8
Armor: Leather armour    |    27 |    18 ||    45
Dodge: Dodged            |    95 |    64 ||   159
       Rpst.: Long sword |    28 |    22 ||    50
